[Event "ICC tourney 2171 (3 2)"]
[Site "Internet Chess Club"]
[Date "2020.12.04"]
[Round "4"]
[White "TjkTiger"]
[Black "Aleksandrov73"]
[Result "1-0"]
[ICCResult "Black forfeits on time"]
[WhiteElo "2321"]
[BlackElo "2197"]
[Opening "QGD: exchange, positional line, 5...c6"]
[ECO "D35"]
[NIC "QO.16"]
[Time "22:46:06"]
[TimeControl "180+2"]

1. c4 e6 2. Nc3 d5 3. d4 Nf6 4. cxd5 exd5 5. Bg5 c6 6. e3 Be7 7. Bd3 O-O 8.
Qc2 Nbd7 9. h3 Re8 10. Nf3 Nf8 11. Bf4 g6 12. O-O Ne6 13. Bh2 Ng7 14. a3 a5
15. Rab1 Bf5 16. Bxf5 Nxf5 17. b4 Bd6 18. Bxd6 Nxd6 19. b5 Nc4 20. Qa2 Qd6
21. a4 Kg7 22. Nd2 Nxd2 23. Qxd2 h5 24. Rfc1 Re6 25. bxc6 bxc6 26. Rb6 Nd7
27. Rb7 Nf6 28. Qb2 g5 29. Qb6 Qa3 30. Qb2 Qd6 31. Qb6 Qa3 32. Rc2 h4 33.
Qc7 Rf8 34. Rbb2 Ra8 35. Qb7 Rg8 36. Rb3 Qd6 37. Ne2 Ne4 38. Rb6 Qa3 39.
Rbxc6 Rxc6 40. Qxc6 Qa1+ 41. Rc1 Qa2 42. Qc2 Qxc2 43. Rxc2 Rb8 44. f3 Rb1+
45. Rc1 Rxc1+ 46. Nxc1 Nc3 47. Nb3 Nxa4 48. Nxa5 Kf6 49. Nc6 Ke6 50. Kf2 Nc3
51. Nb4 f5 52. Nd3 Nb5 53. f4 g4 54. Ne5 g3+ 55. Kf3 Nc3 56. Ng6 Ne4 57.
Nxh4 Kf6 58. Ke2 Ke6 59. Nf3 Kf6 60. Ng5 Nxg5 61. fxg5+ Kxg5 62. Kf3
{Black forfeits on time}
1-0

[Event "ICC tourney 2171 (3 2)"]
[Site "Internet Chess Club"]
[Date "2020.12.04"]
[Round "4"]
[White "cjcardoso"]
[Black "A4-H5"]
[Result "1-0"]
[ICCResult "Black forfeits on time"]
[WhiteElo "1445"]
[BlackElo "1790"]
[Opening "Sicilian: Nimzovich-Rubinstein variation"]
[ECO "B29"]
[NIC "SI.43"]
[Time "22:45:53"]
[TimeControl "180+2"]

1. e4 c5 2. Nf3 Nf6 3. e5 Nd5 4. c3 d6 5. d4 cxd4 6. cxd4 Nc6 7. Nc3 Nxc3 8.
bxc3 dxe5 9. d5 e4 10. dxc6 Qxd1+ 11. Kxd1 exf3 12. c7 a6 13. gxf3 g6 14.
Bf4 Bg7 15. Kc2 O-O 16. h4 e5 17. Bg5 h6 18. Be7 Re8 19. Bd8 f5 20. Bc4+ Be6
21. Bxe6+ Rxe6 22. Rad1 Rc6 23. Kb3 b5 24. h5 g5 25. Rd5 Rc8 26. Rd7 Bf8 27.
Rhd1 a5 28. R1d5 a4+ 29. Kb2 a3+ 30. Kb3 e4 31. Rxf5 Bd6 32. Rff7 exf3 33.
Rg7+ Kf8 34. Rh7 Ke8 35. Rdg7 Bf8 36. Rd7 Rd6 37. Rdf7 Rdxd8 38. cxd8=Q+
Rxd8 39. Rb7 b4 40. cxb4 Rd3+ 41. Ka4 Rd8 42. Kxa3 Ra8+ 43. Kb3 Rd8 44. Rbc7
Rd3+ 45. Rc3 Rd8 46. a4 Rb8 47. b5 Be7 48. Rc6 Rd8 49. Rh8+ Bf8 50. Kc4 Ke7
51. a5 Rd1 52. a6 Rc1+ 53. Kd5 Rd1+ 54. Kc5 Kf7+ 55. Kb6 Bg7 56. Rhc8 Bd4+
57. Kb7 Rb1 58. b6 Ke7 59. a7 Ra1 60. a8=Q Rxa8 61. Kxa8 Bxf2 62. R8c7+ Ke8
63. b7 {Black forfeits on time} 1-0

[Event "ICC tourney 2171 (3 2)"]
[Site "Internet Chess Club"]
[Date "2020.12.04"]
[Round "4"]
[White "jy2020"]
[Black "chiringuito"]
[Result "0-1"]
[ICCResult "White resigns"]
[WhiteElo "1821"]
[BlackElo "1727"]
[Opening "Caro-Kann: two knights, 3...Bg4"]
[ECO "B10"]
[NIC "CK.01"]
[Time "22:46:31"]
[TimeControl "180+2"]

1. e4 c6 2. Nf3 d5 3. Nc3 Bg4 4. h3 Bxf3 5. Qxf3 e6 6. Be2 d4 7. Nb1 c5 8.
d3 Nc6 9. O-O Qb6 10. Nd2 Nge7 11. Qg3 Ng6 12. f4 Qc7 13. Nf3 Bd6 14. e5 Bf8
15. Ng5 Nge7 16. Bf3 h5 17. Qf2 h4 18. Be4 g6 19. Bd2 Nf5 20. Bxf5 gxf5 21.
Nf3 Be7 22. Qe2 Qd7 23. Be1 Qd5 24. Bf2 O-O-O 25. Kh1 Rdg8 26. Rg1 Kb8 27.
Qe1 Nb4 28. Qd2 Qd7 29. a3 Nd5 30. c4 dxc3 31. bxc3 Rd8 32. Rgd1 Qc6 33.
Rab1 Qa4 34. c4 Nb6 35. Qc3 Qc6 36. Rb5 Rdg8 37. Bg1 Rg3 38. Qc2 Rhg8 39.
Rd2 Rxf3 40. gxf3 Qxf3+ 41. Rg2 Rg3 42. Qe2 Qxf4 43. Bh2 Rxh3 44. Rb1 Qd4
45. Qh5 Rxd3 46. Qxf7 Nc8 47. Qxe6 h3 48. Rgb2 Rd1+ 49. Rxd1 Qxd1+ 50. Bg1
Qf3+ 51. Kh2 Bh4 52. Qd5 Bg3+ 53. Kxh3 Qg4+ 54. Kg2 Bxe5+ 55. Kf1 Bxb2
{White resigns}
0-1

[Event "ICC tourney 2171 (3 2)"]
[Site "Internet Chess Club"]
[Date "2020.12.04"]
[Round "4"]
[White "GrandPatzer5"]
[Black "javasri"]
[Result "1/2-1/2"]
[ICCResult "Game drawn because neither player has mating material"]
[WhiteElo "1909"]
[BlackElo "1675"]
[Opening "Sicilian: closed"]
[ECO "B23"]
[NIC "SI.44"]
[Time "22:45:56"]
[TimeControl "180+2"]

1. e4 c5 2. Nc3 d6 3. g3 Nf6 4. Bg2 Nc6 5. d3 e5 6. f4 g6 7. Nf3 exf4 8.
Bxf4 Nh5 9. Bg5 f6 10. Be3 Bg7 11. O-O O-O 12. Qd2 Bg4 13. Nd5 Qd7 14. c3 b6
15. Rae1 Ne5 16. Nxe5 dxe5 17. c4 Rad8 18. Bf3 Bxf3 19. Rxf3 Rde8 20. Ref1
f5 21. exf5 gxf5 22. Bh6 f4 23. Bxg7 Kxg7 24. Kh1 Kh8 25. Qe2 Qg4 26. Qe4
Nxg3+ 27. hxg3 Qh3+ 28. Kg1 Rg8 29. Nxf4 exf4 30. Qxf4 Re6 31. Qd2 Qg4 32.
Qc3+ Qd4+ 33. Qxd4+ cxd4 34. Kg2 Re2+ 35. R1f2 Rge8 36. Rxe2 Rxe2+ 37. Rf2
Re3 38. Rd2 Kg7 39. b4 Kf6 40. c5 bxc5 41. bxc5 Ke6 42. Rc2 Kd7 43. Rc4 Rxd3
44. Kf2 Rd2+ 45. Ke1 Rxa2 46. Rxd4+ Kc6 47. Rh4 Kxc5 48. Rxh7 Kd6 49. g4 a5
50. g5 Rg2 51. Rh6+ Ke7 52. g6 Kf6 53. Rh5 Kxg6 54. Rxa5 Kf6 55. Ra6+ Ke5
56. Ra5+ Kd4 57. Ra4+ Ke3 58. Ra3+ Kd4 59. Rf3 Ra2 60. Rf2 Rxf2 61. Kxf2
{Game drawn because neither player has mating material}
1/2-1/2

[Event "ICC tourney 2171 (3 2)"]
[Site "Internet Chess Club"]
[Date "2020.12.04"]
[Round "5"]
[White "IshanVannadil"]
[Black "PearsonH"]
[Result "1-0"]
[ICCResult "Black resigns"]
[WhiteElo "1568"]
[BlackElo "1401"]
[Opening "French: Tarrasch, open variation"]
[ECO "C07"]
[NIC "FR.18"]
[Time "22:57:33"]
[TimeControl "180+2"]

1. e4 e6 2. d4 d5 3. Nd2 c5 4. Ngf3 Nc6 5. exd5 Qxd5 6. Bc4 Qd6 7. Ne4 Qc7
8. dxc5 Be7 9. Nd6+ Bxd6 10. cxd6 Qd7 11. Bb5 a6 12. Ba4 b5 13. Bb3 Bb7 14.
c4 bxc4 15. Ba4 Nf6 16. Ne5 Qc8 17. Qf3 O-O 18. Nxc6 Bxc6 19. Bxc6 Ra7 20.
Be3 {Black resigns} 1-0

[Event "ICC tourney 2171 (3 2)"]
[Site "Internet Chess Club"]
[Date "2020.12.04"]
[Round "5"]
[White "SicilianEnding"]
[Black "Openyagami"]
[Result "0-1"]
[ICCResult "White resigns"]
[WhiteElo "1870"]
[BlackElo "2666"]
[Opening "Sicilian: Grand Prix attack"]
[ECO "B23"]
[NIC "SI.44"]
[Time "22:57:44"]
[TimeControl "180+2"]

1. e4 c5 2. Nc3 Nc6 3. f4 g6 4. Nf3 Bg7 5. Bb5 Nd4 6. O-O Nxb5 7. Nxb5 d6 8.
d3 Nf6 9. Qe1 O-O 10. Qh4 Bg4 11. f5 c4 12. Nc3 cxd3 13. cxd3 Rc8 14. Bh6
Qb6+ 15. Kh1 Bxf3 16. gxf3 Qxb2 17. Bxg7 Kxg7 18. Nd5 Nxd5 19. exd5 Qf6 20.
Qg4 Qxf5 21. Qxf5 gxf5 22. Rg1+ Kf6 23. Rab1 b6 24. a4 Rc5 25. Rb5 Rfc8 26.
Rgb1 Rxb5 27. axb5 Rc5 28. Ra1 Rxb5 29. Rxa7 Rxd5 {White resigns} 0-1

[Event "ICC tourney 2171 (3 2)"]
[Site "Internet Chess Club"]
[Date "2020.12.04"]
[Round "5"]
[White "needGodcom"]
[Black "Pugnacious"]
[Result "0-1"]
[ICCResult "White checkmated"]
[WhiteElo "1640"]
[BlackElo "1732"]
[Opening "Kevitz-Trajkovich defense"]
[ECO "A50"]
[NIC "QP.07"]
[Time "22:57:32"]
[TimeControl "180+2"]

1. d4 Nf6 2. c4 Nc6 3. g3 e6 4. Bg2 d5 5. cxd5 Nxd5 6. Nc3 Bb4 7. Bd2 O-O 8.
Nxd5 Bxd2+ 9. Qxd2 exd5 10. Nf3 Bg4 11. O-O Qf6 12. Rac1 Bxf3 13. Bxf3 Nxd4
14. Rxc7 Nxf3+ 15. exf3 Qxf3 16. Rxb7 Rab8 17. Rxa7 Rfd8 18. Rc1 Re8 19. Rc2
d4 20. Rd7 Rbd8 21. Rxd8 Rxd8 22. b4 d3 23. Rb2 Rc8 24. b5 h5 25. h4 Re8 26.
b6 Re2 27. b7 Qxf2+ 28. Kh1 Qh2# {White checkmated} 0-1

[Event "ICC tourney 2171 (3 2)"]
[Site "Internet Chess Club"]
[Date "2020.12.04"]
[Round "5"]
[White "BreatheChessAls"]
[Black "cjcardoso"]
[Result "1-0"]
[ICCResult "Black resigns"]
[WhiteElo "1689"]
[BlackElo "1439"]
[Opening "Queen's pawn, Mason variation"]
[ECO "D00"]
[NIC "QP.08"]
[Time "22:57:34"]
[TimeControl "180+2"]

1. d4 d5 2. Bf4 Nf6 3. e3 c5 4. c3 Nc6 5. Nd2 Bf5 6. Qb3 Qc8 7. Ngf3 a6 8.
Be2 e6 9. O-O b5 10. Ne5 c4 11. Qd1 Be7 12. Re1 O-O 13. Bf3 Nxe5 14. Bxe5
Nd7 15. Bg3 a5 16. e4 dxe4 17. Nxe4 Ra7 18. Nd6 Bxd6 19. Bxd6 Nb6 20. Bxf8
Qxf8 21. Qd2 Nd5 22. Bxd5 exd5 23. Qf4 Be6 24. Re5 Qd6 25. Qe3 b4 26. Re1
Re7 27. f4 g6 28. g4 Rc7 29. f5 Bd7 30. Qh6 b3 31. Re8+ Bxe8 32. Rxe8+
{Black resigns}
1-0

[Event "ICC tourney 2171 (3 2)"]
[Site "Internet Chess Club"]
[Date "2020.12.04"]
[Round "5"]
[White "stephenwilly"]
[Black "Shakhmatova"]
[Result "1-0"]
[ICCResult "Black resigns"]
[WhiteElo "1584"]
[BlackElo "1543"]
[Opening "QP counter-gambit (elephant gambit)"]
[ECO "C40"]
[NIC "KP.10"]
[Time "22:57:34"]
[TimeControl "180+2"]

1. e4 e5 2. Nf3 d5 3. exd5 e4 4. Nd4 Qxd5 5. Nb3 Nf6 6. Nc3 Qe6 7. Be2 Bd6
8. O-O c6 9. d4 h5 10. Re1 Nbd7 11. Bf3 Bxh2+ 12. Kxh2 Ng4+ 13. Kg1 f5 14.
Nxe4 fxe4 15. Rxe4 Nde5 16. Bxg4 Qxg4 17. Rxg4 Nxg4 18. Bg5 O-O 19. d5 Bd7
20. Nc5 Bf5 21. Nxb7 cxd5 22. Qxd5+ Kh8 23. Nd6 Bxc2 24. Be7 Rfb8 25. Qxh5+
Nh6 26. Nf7+ Kh7 27. Nxh6 gxh6 28. Bg5 Rb6 29. Re1 Bg6 30. Re7+ Kg8 31. Qxh6
Bf7 32. Bf6 Rxf6 33. Qxf6 Rf8 34. Re5 Kh7 35. Rg5 {Black resigns} 1-0

[Event "ICC tourney 2171 (3 2)"]
[Site "Internet Chess Club"]
[Date "2020.12.04"]
[Round "5"]
[White "ConnorGo"]
[Black "wildrumpus"]
[Result "1-0"]
[ICCResult "Black resigns"]
[WhiteElo "1293"]
[BlackElo "1399"]
[Opening "Caro-Kann defense"]
[ECO "B10"]
[NIC "CK.01"]
[Time "22:57:35"]
[TimeControl "180+2"]

1. e4 c6 2. Nf3 d5 3. e5 Bg4 4. d4 e6 5. h3 Bh5 6. Nc3 c5 7. Be2 Bxf3 8.
Bxf3 Nc6 9. Be3 Qb6 10. dxc5 Bxc5 11. Bxc5 Qxc5 12. O-O Nge7 13. Re1 Nf5 14.
a3 a5 15. Na4 Qb5 16. b3 O-O 17. Be2 Qxa4 18. bxa4 Rfc8 19. Bd3 Nfe7 20. Qh5
h6 21. Re3 Nf5 22. Bxf5 exf5 23. Qxf5 Nd4 24. Qd3 Nxc2 25. Rc1 Nxe3 26.
Rxc8+ Rxc8 27. Qxe3 Rd8 28. Qd4 Kf8 29. f4 Ke7 30. Kf2 Ke6 31. Ke3 f6 32.
Qb6+ Kf5 33. Qxd8 fxe5 34. Qd7+ Kf6 35. fxe5+ Kxe5 36. g3 g5 37. Qxb7 h5 38.
Qb5 g4 39. h4 Ke6 40. Qxa5 Kd6 41. Qb4+ Ke5 42. a5 d4+ 43. Qxd4+ Ke6 44. a6
Ke7 45. Qc5+ Kf6 46. a7 Kf7 47. a8=Q Ke6 48. Qa6+ Kf7 49. Qc7+ {Black
resigns} 1-0

[Event "ICC tourney 2171 (3 2)"]
[Site "Internet Chess Club"]
[Date "2020.12.04"]
[Round "5"]
[White "Hamlett144"]
[Black "rishik99"]
[Result "0-1"]
[ICCResult "White resigns"]
[WhiteElo "1212"]
[BlackElo "1212"]
[Opening "Two knights defense (Modern bishop's opening)"]
[ECO "C55"]
[NIC "IG.01"]
[Time "22:57:41"]
[TimeControl "180+2"]

1. e4 e5 2. Nf3 Nf6 3. Bc4 Nc6 4. d3 h6 5. c3 d5 6. exd5 Nxd5 7. Bb5 Bd6 8.
O-O O-O 9. c4 Nf6 10. Bxc6 bxc6 11. Qb3 Bg4 12. Nh4 Nh5 13. g3 Bh3 14. Re1
Qf6 15. Be3 g5 16. Nf3 Qxf3 {White resigns} 0-1

[Event "ICC tourney 2171 (3 2)"]
[Site "Internet Chess Club"]
[Date "2020.12.04"]
[Round "5"]
[White "yogokings12"]
[Black "akshajp"]
[Result "1-0"]
[ICCResult "Black resigns"]
[WhiteElo "1516"]
[BlackElo "1153"]
[Opening "Sicilian: Richter-Rauzer, Bondarevsky variation"]
[ECO "B60"]
[NIC "SI.27"]
[Time "22:57:33"]
[TimeControl "180+2"]

1. e4 c5 2. Nf3 d6 3. d4 cxd4 4. Nxd4 Nf6 5. Nc3 Nc6 6. Bg5 g6 7. Bxf6 exf6
8. Bb5 Bd7 9. O-O Bg7 10. Qd2 O-O 11. Nxc6 Bxc6 12. Bxc6 bxc6 13. Rad1 Qb6
14. Na4 Qa6 15. b3 Rfd8 16. c4 Rac8 17. Rfe1 h5 18. Qe3 Kh7 19. Rd3 Bh6 20.
Qe2 d5 21. exd5 cxd5 22. g3 dxc4 23. Rxd8 Rxd8 24. Qxc4 Qxc4 25. bxc4 Rc8
26. c5 Kg8 27. Re7 Bf8 28. Rxa7 Bxc5 29. Nxc5 Rxc5 30. a4 Kg7 31. Kf1 Rc1+
32. Ke2 Rh1 33. h4 g5 34. hxg5 fxg5 35. a5 Kg6 36. a6 f6 37. Ra8 Kf5 38. a7
Ra1 39. Kf3 g4+ 40. Kg2 Ra6 41. Kf1 Ra1+ 42. Ke2 Ra2+ 43. Ke3 Ra3+ 44. Kd4
Ra2 45. Kc5 Rxf2 46. Rh8 Rc2+ 47. Kd4 Ra2 48. a8=Q Rxa8 49. Rxa8 Kg6 50. Ke4
f5+ 51. Kf4 Kf6 52. Ra6+ Kg7 53. Kxf5 Kh7 54. Kg5 Kg7 55. Ra7+ Kh8 56. Kg6
{Black resigns}
1-0

[Event "ICC tourney 2171 (3 2)"]
[Site "Internet Chess Club"]
[Date "2020.12.04"]
[Round "5"]
[White "garfield92037"]
[Black "DrKnight01"]
[Result "0-1"]
[ICCResult "White forfeits on time"]
[WhiteElo "1492"]
[BlackElo "1311"]
[Opening "Three knights game"]
[ECO "C46"]
[NIC "KP.06"]
[Time "22:58:08"]
[TimeControl "180+2"]

1. e4 e5 2. Nf3 Nc6 3. Nc3 Bc5 4. Nxe5 Bxf2+ 5. Kxf2 Nxe5 6. d4 Qf6+ 7. Kg1
Ng6 8. Bc4 c6 9. h3 N8e7 10. Kh2 d5 11. exd5 cxd5 12. Bd3 Qd6+ 13. Kg1 O-O
14. Qf3 Qb6 15. Ne2 f5 16. c3 Ne5 17. Qg3 Nxd3 18. Qxd3 Qg6 19. Kh2 b6 20.
Rf1 Bd7 21. Nf4 Qd6 22. Kg1 Ng6 {White forfeits on time} 0-1

[Event "ICC tourney 2171 (3 2)"]
[Site "Internet Chess Club"]
[Date "2020.12.04"]
[Round "5"]
[White "javasri"]
[Black "jy2020"]
[Result "0-1"]
[ICCResult "White resigns"]
[WhiteElo "1665"]
[BlackElo "1831"]
[Opening "Sicilian: Najdorf, 6.Bg5"]
[ECO "B94"]
[NIC "SI.04"]
[Time "22:57:34"]
[TimeControl "180+2"]

1. e4 c5 2. Nf3 d6 3. d4 cxd4 4. Nxd4 Nf6 5. Nc3 a6 6. Bg5 Nbd7 7. Qd2 Qb6
8. O-O-O e6 9. f4 Be7 10. g4 Nc5 11. Bg2 Qc7 12. e5 dxe5 13. fxe5 Nxg4 14.
Bxe7 Qxe7 15. Qf4 Nh6 16. Ne4 Nxe4 17. Bxe4 O-O 18. Rhg1 Nf5 19. Bxf5 exf5
20. Nxf5 Bxf5 21. Qxf5 Rae8 22. Rde1 Qe6 23. Qf4 g6 24. Qh6 Qxa2 25. Rg3
Qa1+ 26. Kd2 Qa5+ 27. Rc3 Rxe5 28. Rxe5 Qxe5 29. b3 Rd8+ 30. Rd3 Re8 31. Re3
Qxe3+ 32. Qxe3 Rxe3 33. Kxe3 Kf8 34. c4 Ke7 35. Kd4 Kd6 36. b4 f5 37. c5+
Kc6 38. h4 h6 {White resigns} 0-1

[Event "ICC tourney 2171 (3 2)"]
[Site "Internet Chess Club"]
[Date "2020.12.04"]
[Round "5"]
[White "DFKnights"]
[Black "Averyyu321"]
[Result "1-0"]
[ICCResult "Black checkmated"]
[WhiteElo "1650"]
[BlackElo "1418"]
[Opening "Sicilian: dragon variation"]
[ECO "B70"]
[NIC "SI.15"]
[Time "22:58:25"]
[TimeControl "180+2"]

1. e4 c5 2. Nf3 d6 3. d4 cxd4 4. Nxd4 Nf6 5. Nc3 g6 6. Bc4 Bg7 7. Bb3 a6 8.
Bg5 b5 9. f4 Bb7 10. Qd3 Nbd7 11. O-O-O Nc5 12. Qe3 Bxe4 13. Bxf6 Bxf6 14.
Nxe4 Nxe4 15. Qxe4 Bg7 16. Rhe1 Bf6 17. Qc6+ Kf8 18. Qd5 e6 19. Rxe6 fxe6
20. Nxe6+ Ke7 21. Nxd8 Kxd8 22. Qxd6+ Kc8 23. Be6+ Kb7 24. Bd5+ Kc8 25. Qc6+
Kd8 26. Qxf6+ Kc7 27. Qc6+ Kd8 28. Be6+ Ke7 29. Rd7+ Kf6 30. Bg4#
{Black checkmated}
1-0

[Event "ICC tourney 2171 (3 2)"]
[Site "Internet Chess Club"]
[Date "2020.12.04"]
[Round "5"]
[White "coolsportsguy"]
[Black "avocuddle"]
[Result "1-0"]
[ICCResult "Black resigns"]
[WhiteElo "1594"]
[BlackElo "1453"]
[Opening "Queen's pawn: London system"]
[ECO "A45"]
[NIC "QP.07"]
[Time "22:57:36"]
[TimeControl "180+2"]

1. d4 Nf6 2. Bf4 g6 3. Nc3 d5 4. e3 Bg7 5. h4 c6 6. Nf3 Nbd7 7. Be2 b5 8.
Ne5 Nxe5 9. Bxe5 b4 10. Na4 O-O 11. h5 Nd7 12. Bxg7 Kxg7 13. Qd2 Nf6 14. Nc5
a5 15. O-O-O Ne4 16. Nxe4 dxe4 17. Bc4 Ba6 18. Bxa6 Rxa6 19. hxg6 hxg6 20.
Rh4 Qd5 21. Kb1 Rh8 22. Rxh8 Kxh8 23. Qe2 Qb5 24. Qg4 Kg7 25. Qxe4 Qg5 26.
Rh1 f5 27. Qe5+ Qf6 28. Qh2 Kf7 29. Qb8 Qd6 30. Rh7+ Ke6 31. Qc8+ Qd7 32.
Qxa6 {Black resigns} 1-0

[Event "ICC tourney 2171 (3 2)"]
[Site "Internet Chess Club"]
[Date "2020.12.04"]
[Round "5"]
[White "hggonzalezzss"]
[Black "Eraser007"]
[Result "1-0"]
[ICCResult "Black forfeits on time"]
[WhiteElo "1493"]
[BlackElo "2053"]
[Opening "Alekhine's defense: Scandinavian variation"]
[ECO "B02"]
[NIC "AL.10"]
[Time "22:57:38"]
[TimeControl "180+2"]

1. e4 Nf6 2. Nc3 d5 3. exd5 Nxd5 4. Ne4 g6 5. Nf3 Bg7 6. d3 Bg4 7. Be2 O-O
8. O-O c6 9. Rb1 Nd7 10. h3 Bxf3 11. Bxf3 Qc7 12. Ng3 Rfe8 13. Bg5 f6 14.
Bd2 e5 15. Qc1 f5 16. Bh6 Bxh6 17. Qxh6 Nf4 18. h4 Nf6 19. h5 Qg7 20. Qg5
Ne6 21. Qh4 g5 22. Qh2 Nd4 23. Bd1 f4 24. Ne4 Nxe4 25. dxe4 Kh8 26. c3 Ne6
27. g4 Nc5 28. f3 Red8 29. Bc2 Rd6 30. Rbd1 Rad8 31. Qe2 Qe7 32. Kf2 h6 33.
b4 Ne6 34. Bb3 Nc7 35. a4 a5 36. Rxd6 {Black forfeits on time} 1-0

[Event "ICC tourney 2171 (3 2)"]
[Site "Internet Chess Club"]
[Date "2020.12.04"]
[Round "5"]
[White "Kyle45"]
[Black "blackjack721"]
[Result "1-0"]
[ICCResult "Black checkmated"]
[WhiteElo "1400"]
[BlackElo "1234"]
[Opening "QP counter-gambit (elephant gambit)"]
[ECO "C40"]
[NIC "KP.10"]
[Time "22:57:32"]
[TimeControl "180+2"]

1. e4 e5 2. Nf3 d5 3. Nxe5 dxe4 4. Nc3 Nf6 5. Bc4 Be6 6. Bxe6 fxe6 7. O-O
Bd6 8. Nc4 Bf4 9. d3 e5 10. Bxf4 exf4 11. dxe4 Qe7 12. Re1 O-O 13. e5 Nfd7
14. Qd5+ Kh8 15. Rad1 c6 16. Qd6 Qe8 17. e6 Nf6 18. Ne5 Na6 19. Nf7+ Rxf7
20. exf7 Qxf7 21. Re7 Qf8 22. Rxb7 Qxd6 23. Rxd6 Re8 24. h3 Nc5 25. Rxa7
Nce4 26. Rxc6 Nxc3 27. Rxc3 h6 28. Rcc7 Nh5 29. b4 Kh7 30. b5 Kg6 31. b6
Re1+ 32. Kh2 f3 33. gxf3 Re2 34. Kg2 Re5 35. b7 Rg5+ 36. Kf1 Rb5 37. Rc6+
Kf5 38. Rc5+ Rxc5 39. b8=Q Rc4 40. Qb5+ Kf4 41. Qxc4+ Kxf3 42. Rf7+ Nf6 43.
Qd3+ Kf4 44. Qe3+ Kf5 45. f4 Kg6 46. Qe7 Nh5 47. Qe6+ Kh7 48. Qf5+ Kg8 49.
Qxh5 g5 50. Qg6+ Kh8 51. Qg7# {Black checkmated} 1-0

[Event "ICC tourney 2171 (3 2)"]
[Site "Internet Chess Club"]
[Date "2020.12.04"]
[Round "5"]
[White "avbhosale"]
[Black "abelMZ084"]
[Result "0-1"]
[ICCResult "White checkmated"]
[WhiteElo "1151"]
[BlackElo "1257"]
[Opening "Giuoco Piano"]
[ECO "C50"]
[NIC "IG.02"]
[Time "22:57:46"]
[TimeControl "180+2"]

1. e4 e5 2. Nf3 Nc6 3. Bc4 Bc5 4. Ng5 Bxf2+ 5. Kxf2 Qxg5 6. Qf3 Qf6 7. Qxf6
Nxf6 8. Rf1 Nxe4+ 9. Kg1 O-O 10. d3 Nd6 11. Bb3 Na5 12. Rf3 Nxb3 13. axb3 e4
14. Rg3 Nf5 15. Rg5 d5 16. dxe4 dxe4 17. Rg4 Nd6 18. Rg3 f5 19. Bh6 Rf7 20.
Nc3 Kh8 21. Be3 f4 22. Bxf4 Rxf4 23. Nd5 Rf7 24. Nxc7 Rxc7 25. Rf1 Bf5 26.
Rg5 g6 27. g4 Be6 28. c4 Rf7 29. Re5 Rxf1+ 30. Kxf1 Bxg4 31. c5 Nf7 32. Rxe4
Bf5 33. Re5 Nxe5 34. Ke2 Rc8 35. Ke3 b6 36. cxb6 axb6 37. Kf4 Nd3+ 38. Ke3
Nxb2 39. Kd4 b5 40. b4 Nd3 41. Kd5 Nxb4+ 42. Kd6 Rc6+ 43. Ke7 Nd5+ 44. Kf8
Be6 45. h4 Rc8# {White checkmated} 0-1

[Event "ICC tourney 2171 (3 2)"]
[Site "Internet Chess Club"]
[Date "2020.12.04"]
[Round "5"]
[White "clair"]
[Black "jaumevivesb"]
[Result "1-0"]
[ICCResult "Black forfeits on time"]
[WhiteElo "1198"]
[BlackElo "1207"]
[Opening "Modern defense"]
[ECO "A40"]
[NIC "QO.17"]
[Time "22:57:36"]
[TimeControl "180+2"]

1. d4 g6 2. Bf4 Bg7 3. Nc3 c6 4. e4 d5 5. e5 Qb6 6. Na4 Qa5+ 7. c3 Nh6 8. b4
Qd8 9. Qd2 b6 10. Bxh6 O-O 11. Bxg7 Kxg7 12. Be2 Bf5 13. h4 h5 14. f3 Rh8
15. g4 Be6 16. Qg5 Nd7 17. Nh3 f6 18. exf6+ exf6 19. Qd2 Re8 20. O-O-O Rh8
21. Nf4 Bf7 22. gxh5 gxh5 23. Rhg1+ Kf8 24. Bd3 a5 25. Bg6 axb4 26. Qc2 Rg8
27. Bxf7 Kxf7 28. Rxg8 Qxg8 29. Kb1 Qg3 30. Qf5 Nf8 31. Nxb6 Rb8 32. Nd7 Rb7
33. Nc5 Rb6 34. Kc2 {Black forfeits on time} 1-0

[Event "ICC tourney 2171 (3 2)"]
[Site "Internet Chess Club"]
[Date "2020.12.04"]
[Round "5"]
[White "Drachekokosnuss"]
[Black "chessfidebullet"]
[Result "1-0"]
[ICCResult "Black forfeits on time"]
[WhiteElo "1615"]
[BlackElo "1061"]
[Opening "Philidor's defense"]
[ECO "C41"]
[NIC "KP.08"]
[Time "22:57:44"]
[TimeControl "180+2"]

1. e4 e5 2. Nf3 d6 3. d4 Bg4 4. dxe5 Qe7 5. exd6 Qxe4+ 6. Be2 Bxd6 7. O-O
Qg6 8. Bd3 Qh5 9. h3 Bxh3 10. gxh3 Qxh3 11. Re1+ Ne7 12. Bf1 Qg4+ 13. Bg2 h5
14. Ng5 Qh4 15. Nf3 Qg4 16. Nc3 h4 17. Re4 Qg6 18. Nd4 h3 19. Rg4 Qh7 20.
Be4 Qh5 21. Rxg7 Qe5 22. Rg3 Bc5 23. Be3 h2+ 24. Kh1 Nbc6 25. Rg5 Qd6 26.
Nxc6 {Black forfeits on time} 1-0

[Event "ICC tourney 2171 (3 2)"]
[Site "Internet Chess Club"]
[Date "2020.12.04"]
[Round "5"]
[White "chiringuito"]
[Black "KRASAVCHIK"]
[Result "0-1"]
[ICCResult "White forfeits on time"]
[WhiteElo "1853"]
[BlackElo "3001"]
[Opening "Nimzovich-Larsen attack: Indian variation"]
[ECO "A01"]
[NIC "VO.08"]
[Time "22:57:38"]
[TimeControl "180+2"]

1. b3 Nf6 2. Bb2 g6 3. Bxf6 exf6 4. c4 d5 5. cxd5 Qxd5 6. Nc3 Qa5 7. e3 Ba3
8. Nf3 O-O 9. Nb5 Be7 10. Be2 c6 11. Nc3 Ba3 12. Rb1 Bf5 13. e4 Bg4 14. O-O
Nd7 15. Qc2 Bxf3 16. Bxf3 Ne5 17. Be2 Rad8 18. Rbd1 Rd4 19. f4 Nd7 20. Bc4
b5 21. Be2 Nc5 22. e5 f5 23. Nb1 Ne6 24. Qxc6 Nxf4 25. Bxb5 Rfd8 26. Nxa3
Qxa3 27. Bc4 Qe7 28. Qf6 Qxf6 29. exf6 Nh5 30. d3 Nxf6 31. Rde1 Kf8 32. Re2
Nd5 33. Rfe1 Nb4 34. Re7 R4d7 35. Rxd7 Rxd7 36. a3 Nc2 37. Re5 Nxa3 38. Ra5
Nc2 39. Kf2 Re7 40. Ra6 Nd4 41. b4 Rd7 {White forfeits on time} 0-1

[Event "ICC tourney 2171 (3 2)"]
[Site "Internet Chess Club"]
[Date "2020.12.04"]
[Round "5"]
[White "A4-H5"]
[Black "pmchess98"]
[Result "1-0"]
[ICCResult "Black checkmated"]
[WhiteElo "1793"]
[BlackElo "1406"]
[Opening "Queen's pawn game"]
[ECO "A45"]
[NIC "QP.07"]
[Time "22:58:13"]
[TimeControl "180+2"]

1. d4 Nf6 2. Nc3 e6 3. Bg5 d5 4. f3 c5 5. e4 dxe4 6. d5 exf3 7. Nxf3 Be7 8.
Bb5+ Bd7 9. dxe6 fxe6 10. Qe2 O-O 11. Rd1 Nd5 12. Bxe7 Bxb5 13. Qxe6+ Kh8
14. Bxd8 Nxc3 15. bxc3 Re8 16. Qxe8+ Bxe8 17. O-O Nc6 18. Ne5 h6 19. Nxc6
Bxc6 20. Be7 Re8 21. Rf8+ Rxf8 22. Bxf8 Kg8 23. Bxc5 b6 24. Bd4 Kf7 25. Re1
g5 26. Kf2 Bd5 27. a3 h5 28. h3 Kg6 29. Re5 Bc4 30. Re7 b5 31. g4 hxg4 32.
hxg4 a5 33. Rg7+ Kh6 34. Ra7 a4 35. Rc7 Kg6 36. Rxc4 bxc4 37. Ke3 Kf7 38.
Ke4 Ke6 39. Be3 Kf6 40. Kd4 Ke6 41. Kxc4 Ke5 42. Bxg5 Ke4 43. Kb4 Kf3 44.
Kxa4 Kxg4 45. Be3 Kf3 46. Bd4 Ke2 47. Kb3 Kd2 48. a4 Kc1 49. a5 Kb1 50. a6
Kc1 51. a7 Kd2 52. a8=R Kc1 53. Rd8 Kd2 54. c4 Kc1 55. c5 Kd2 56. c6 Ke2 57.
c7 Kf3 58. c8=R Ke4 59. Bb2 Kf5 60. Rc3 Ke5 61. Re3+ Kf5 62. Rf8+ Kg4 63.
Re7 Kg5 64. Ba3 Kg6 65. c3 Kg5 66. Bb2 Kg6 67. Kc4 Kg5 68. Kd3 Kg6 69. Ke4
Kg5 70. Rg7+ Kh6 71. Rg1 Kh7 72. Kf5 Kh6 73. Rh8# {Black checkmated} 1-0